 Dungeon Crawl Stone Soup version 0.27.1-33-g824d729ab1 (webtiles) character file.

Game seed: 12613575383641120253

35 Destapler the Skirmisher (level 3, -4/30 HPs)
             Began as a Demonspawn Berserker on Dec 6, 2021.
             Was a Follower of Trog.
             Killed by divine providence
             ... invoked by an orc priest
              (12 damage)
             ... on level 4 of the Dungeon.
             The game lasted 00:03:03 (1768 turns).

Destapler the Skirmisher (Demonspawn Berserker)     Turns: 1768, Time: 00:03:04

Health: -4/30      AC:  2    Str: 16 (17) XL:     3   Next: 16%
Magic:  3/3        EV: 12    Int:  7 (8)  God:    Trog [*.....]
Gold:   65         SH:  0    Dex: 10 (13) Spells: 2/2 levels left

rFire    . . .     SeeInvis .   e - +1 dagger (elec)
rCold    . . .     Faith    .   (no shield)
rNeg     . . .     Spirit   .   b - +0 animal skin
rPois    .         Reflect  .   (no helmet)
rElec    .         Harm     .   (no cloak)
rCorr    .         Rampage  .   (no gloves)
Will     .....                  (no boots)
Stlth    +.........             (no amulet)
HPRegen  0.10/turn              (no ring)
MPRegen  0.08/turn              (no ring)

@: no status effects
A: talons 1
a: Renounce Religion, Berserk


You were on level 4 of the Dungeon.
You worshipped Trog.
Trog was aware of your devotion.
You visited 1 branch of the dungeon, and saw 3 of its levels.

You collected 65 gold pieces.

Inventory:

Hand Weapons
 a - a +0 short sword
 c - a +2 dagger of venom
 e - a +1 dagger of electrocution (weapon)
Armour
 b - a +0 animal skin (worn)
Scrolls
 d - a scroll of acquirement {unknown}
Potions
 f - a potion of curing


   Skills:
 * Level 3.6 Fighting
 - Level 2.7 Short Blades
 - Level 1.8 Armour
 + Level 2.2 Dodging
 + Level 1.1 Stealth


You had 2 spell levels left.
You didn't know any spells.
Your spell library was empty.

Dungeon Overview and Level Annotations

Branches:
Dungeon (2/15)

Altars:


Innate Abilities, Weirdness & Mutations

You have sharp toenails.


Message History

You fall into a shaft and drop 2 floors!
The shaft crumbles and collapses.
Found a book of Blood.
No target in view!
An orc comes into view. It is wielding a +0 short sword.
Found a scroll labelled TINKUD ZEANAIG.
An orc comes into view. It is wielding a +0 mace.
Found a potion of curing.
The orc shouts!
You hear a shout! x2
A hound comes into view.
There are monsters nearby!
A scorpion and 2 orcs come into view.
The orc shouts!
The hound barks!
An orc priest comes into view. It is wielding a +0 hand axe.
The hound closely misses you.
You hit the hound.
The hound is lightly wounded.
The hound misses you. The orc closely misses you.
You miss the hound. Your kick misses the hound.
The hound is lightly wounded.
The hound bites you. The orc hits you with a +0 mace!
An iguana comes into view.
The hound closely misses you.
You completely miss the hound.
The iguana hisses angrily.
Your kick misses the hound.
The hound is lightly wounded.
The orc hits you with a +0 mace.
* * * LOW HITPOINT WARNING * * *
The hound pauses to sniff the ground.
The hound bites you but does no damage.
The orc priest casts a cantrip, but nothing happens.
The orc hits you with a +0 short sword.
* * * LOW HITPOINT WARNING * * *
The hound bites you but does no damage.
The orc priest begins to cast a cantrip, but forgets the words!
The hound barely misses you.
The orc priest mumbles some strange prayers to Beogh against you.
Beogh smites you!
You die...

#..# ...# ...#.#
###....# ..#...#
#..#...#
#.....###...#..#
#.....#..#.....#
#....?#...#....#
#...#.#soh@...#
...#.#...#......#
...!.l.o.oo.....#
........o.......#
#################


You could see a scorpion, an iguana, a hound, an orc priest and 4 orcs.

Vanquished Creatures
  A dart slug (D:1)
  2 endoplasms
  A giant cockroach (D:1)
  2 goblins (D:1)
  A hobgoblin (D:2)
  2 kobolds (D:2)
  7 quokkas
  A ball python (D:1)
  4 bats
  2 frilled lizards
  7 rats (D:1)
  A bush (D:1)
31 creatures vanquished.

Notes
Turn   | Place    | Note
-------+----------+-------------------------------------------
     0 | D:1      | Destapler the Demonspawn Berserker began the quest for the
                  | Orb.
     0 | D:1      | Reached XP level 1. HP: 18/18 MP: 1/1
    66 | D:1      | Found a faded altar of an unknown god.
   449 | D:1      | Gained mutation: You have sharp toenails. [demonic
                  | ancestry]
   449 | D:1      | Reached XP level 2. HP: 18/24 MP: 2/2
   637 | D:1      | You fall into a shaft and drop 1 floor!
   962 | D:1      | Reached skill level 1 in Stealth
  1131 | D:1      | Reached XP level 3. HP: 29/29 MP: 3/3
  1755 | D:2      | You fall into a shaft and drop 2 floors!
  1758 | D:4      | Noticed a scorpion
  1768 | D:4      | Killed from afar by an orc priest

Illustrated notes

Levels and vault maps discovered:
D:1:      dpeg_arrival_boxes_within_box, layout_loops_ring,
          chequers_ecumenical_altar_twisty, serial_forest,
          infiniplex_forest_lined_3_way, infiniplex_forest_lined_1,
          infiniplex_forest_straight_4, infiniplex_forest_end_2,
          infiniplex_forest_clump_diagonal, infiniplex_forest_zigzag_1
D:2:      layout_basic
D:4:      layout_basic, serial_shops, kennysheep_little_box, shop_fountains,
          shop, shop, nicolae_shop_waterfront, minmay_splitting_lines,
          minmay_liquid_box

Skill      XL: |  1  2 |
---------------+-------+-----
Dodging        | 2 |  2.2
Stealth        | 1 |  1.1
Fighting       | |  3.6
Short Blades   | |  2.7
Armour         | |  1.8

Action                   || total
-------------------------++-------
Melee: Short sword       ||    27
       Dagger            ||    88
       Kick              ||    38
Invok: Berserk           ||     1
  Use: Scroll            ||     4
       Potion            ||     1
 Stab: Sleeping          ||     4
Armor: Animal skin       ||    18
Dodge: Dodged            ||    44
